 Dungeon Crawl Stone Soup version 0.24-a0-230-g536ed4e33c (webtiles) character file.

Game seed: 7273852581147059050

238279 MirrMurr the Imperceptible (level 18, -8/96 HPs)
             Began as a Spriggan Enchanter on Mar 30, 2019.
             Was an Initiate of Gozag.
             Killed by a resonance strike
             ... invoked by a ragged hierophant
              (10 damage)
             ... in the Desolation of Salt on Apr 2, 2019.
             The game lasted 03:33:02 (59412 turns).

MirrMurr the Imperceptible (Spriggan Enchanter)    Turns: 59412, Time: 03:33:04

Health: -8/96      AC:  6    Str: 10    XL:     18   Next: 55%
Magic:  34/38      EV: 34    Int: 18    God:    Gozag
Gold:   7106       SH: 10    Dex: 17    Spells: 7/47 levels left

rFire    + . .     SeeInvis +   a - +7 dagger (venom)
rCold    + . .     Gourm    .   C - +2 buckler
rNeg     . . .     Faith    .   y - +2 robe {rC+ rF+}
rPois    +         Spirit   .   (helmet restricted)
rElec    .         Reflect  .   N - +2 cloak
rCorr    .         Harm     .   (gloves unavailable)
MR       ++++.                  (boots unavailable)
Stlth    ++++++++..             u - amulet of magic regeneration
HPRegen  0.26/turn              p - ring of poison resistance
MPRegen  0.51/turn              I - ring of protection from magic

@: confusing touch, very slightly contaminated, invisible (expiring), very quick
A: very small, unfitting armour, see invisible, deformed body, herbivore, speed
3, slow metabolism 2
}: 2/15 runes: barnacled, gossamer
a: Potion Petition, Call Merchant, Bribe Branch, Renounce Religion


You were in the Desolation of Salt.
You worshipped Gozag.
Gozag was greatly pleased with you.
You were hungry.

You visited 6 branches of the dungeon, and saw 32 of its levels.
You visited 1 bazaar.
You also visited: Sewer, Ice Cave and Desolation.

You collected 14307 gold pieces.
You spent 7168 gold pieces at shops.
You paid 33 gold pieces to Gozag.

Inventory:

Hand Weapons
 a - a +7 dagger of venom (weapon)
 b - a +1 fustibalus of flaming
 w - a +3 rapier of electrocution
 R - the +5 dagger of the Sea {pierce, +Rage rElec rN+++ Stlth+}
   (You bought it in a shop on level 2 of the Orcish Mines)

   It inflicts extra damage upon your enemies.
   It insulates you from electricity.
   It renders you almost immune to negative energy.
   It lets you go berserk.
   It makes you more stealthy.
Missiles
 d - 8 throwing nets (quivered) {!f}
 f - 112 sling bullets
 g - 768 stones
Armour
 y - a +2 robe of resistance (worn)
 C - a +2 buckler (worn)
 N - a +2 cloak (worn)
 O - +0 pearl dragon scales
Jewellery
 p - a ring of poison resistance (left hand)
 u - an amulet of magic regeneration (around neck)
 I - a ring of protection from magic (right hand)
Wands
 v - a wand of paralysis (35)
 M - a wand of acid (21)
 P - a wand of digging (12)
 S - a wand of iceblast (49)
 W - a wand of clouds (9)
Scrolls
 e - 2 scrolls of vulnerability
 i - 2 scrolls of identify
 l - 17 scrolls of teleportation
 r - 20 scrolls of remove curse
 E - 7 scrolls of fog
 F - 6 scrolls of blinking
 G - 7 scrolls of magic mapping
 Q - a scroll of fear
 V - 7 scrolls of enchant armour
 Y - 2 scrolls of summoning
 Z - a scroll of silence
Potions
 h - a potion of flight
 k - 5 potions of brilliance
 m - 9 potions of haste
 n - 4 potions of ambrosia
 o - 2 potions of cancellation
 q - 2 potions of heal wounds
 x - a potion of invisibility
 A - 12 potions of curing
 H - 6 potions of might
 K - 5 potions of magic
 L - 2 potions of agility
Miscellaneous
 j - a phantom mirror
Comestibles
 c - 27 rations


   Skills:
 + Level 11.4 Fighting
 - Level 10.0 Short Blades
 - Level 14.0 Slings
 + Level 20.0 Dodging
 + Level 21.0 Stealth
 - Level 7.2 Shields
 - Level 15.0 Spellcasting
 - Level 12.1 Hexes
 - Level 8.0 Summonings
 * Level 4.1 Translocations
 * Level 4.6 Ice Magic


You had 7 spell levels left.
You knew the following spells:

 Your Spells              Type           Power        Failure   Level  Hunger
a - Ensorcelled Hibernat  Hex/Ice        #####.       1%          2    None
b - Confuse               Hex            ######..     1%          3    None
c - Tukima's Dance        Hex            ######..     1%          3    None
d - Dazzling Spray        Conj/Hex       #####.       1%          3    None
g - Passwall              Tmut/Erth      ##......     7%          2    None
h - Metabolic Englaciati  Hex/Ice        #####.....   4%          5    ####...
i - Invisibility          Hex            ######..     4%          6    #####..
m - Confusing Touch       Hex            ######       1%          1    None
s - Summon Lightning Spi  Summ/Air       ####....     9%          4    None
v - Summon Mana Viper     Hex/Summ       #####...     2%          5    ####...
x - Summon Ice Beast      Ice/Summ       #####...     3%          4    None
B - Blink                 Tloc           N/A          1%          2    None

Your spell library contained the following spells:

 Spells                   Type           Power        Failure   Level  Hunger
 Corona                   Hex            ######.      1%          1    None
 Freeze                   Ice            ####         1%          1    None
 Summon Small Mammal      Summ           ####         1%          1    None
 Call Imp                 Summ           #####...     1%          2    None
 Slow                     Hex            ######..     1%          2    None
 Call Canine Familiar     Summ           #####...     1%          3    None
 Recall                   Summ/Tloc      N/A          1%          3    None
 Summon Guardian Golem    Hex/Summ       #####...     1%          3    None
 Throw Frost              Conj/Ice       ###...       2%          2    None
 Gell's Gravitas          Tloc           ####......   2%          3    None
 Magic Dart               Conj           ##..         4%          1    None
 Sandblast                Erth           ##....       4%          1    None
 Aura of Abjuration       Summ           #####.....   4%          5    ####...
 Summon Demon             Summ           #####.....   4%          5    ####...
 Ozocubu's Armour         Chrm/Ice       ###.....     5%          3    None
 Swiftness                Chrm/Air       ##......     7%          2    None
 Summon Forest            Summ/Tloc      #####.....   11%         5    ####...
 Yara's Violent Unravell  Hex/Tmut       #####.....   11%         5    ####...
 Conjure Flame            Conj/Fire      ##......     14%         3    None
 Mephitic Cloud           Conj/Pois/Air  ##......     14%         3    None
 Regeneration             Chrm/Necr      ##........   14%         3    None
 Stone Arrow              Conj/Erth      ##....       14%         3    None
 Throw Icicle             Conj/Ice       ###.....     19%         4    None
 Shadow Creatures         Summ           N/A          26%         6    #####..
 Petrify                  Tmut/Erth      ##......     43%         4    None
 Bolt of Magma            Conj/Fire/Erth ##........   78%         5    ####...
 Iskenderun's Battlesphe  Conj/Chrm      ##......     78%         5    ####...
 Lee's Rapid Deconstruct  Erth           ##........   78%         5    ####...
 Venom Bolt               Conj/Pois      ##........   78%         5    ####...
 Iron Shot                Conj/Erth      ##........   100%        6    #####..
 Orb of Destruction       Conj           ##........   100%        7    #######
 Spellforged Servitor     Conj/Summ      ####......   100%        7    #######


Dungeon Overview and Level Annotations

Branches:
Dungeon (15/15)            Temple (0/1) D:5            Lair (6/6) D:10
 Shoals (4/4) Lair:4       Spider (4/4) Lair:3        Slime (0/5) Lair:5
    Orc (2/2) D:10            Elf (0/3) Orc:2        Vaults (1/5) D:14
 Depths (0/5) D:15

Altars:
Dithmenos
Fedhas
Gozag
Hepliaklqana
Makhleb
Nemelex Xobeh
Okawaru
Qazlal
Ru
Trog
Uskayaw
Vehumet
Wu Jian
Xom
Zin
The Shining One

Shops:
D:5 [   D:9 [*   D:13 }[}%   Orc:2 :*}[(   Shoals:4 }   Vaults:1 ?

Annotations:
D:5 3 runed translucent doors, xoxolimbo's ghost, novice DsFE
Lair:1 1 runed translucent door, exclusion: door
Spider:1 1 runed translucent door +2 q.bl. of chaos, busta's ghost, adept DsGl
Vaults:1 stuff here!


Innate Abilities, Weirdness & Mutations

You are very small and have problems with some larger weapons.
You are too small for most types of armour.
You have supernaturally acute eyesight. (SInv)
You are a herbivore.
You cover ground extremely quickly.
You need to consume almost no food.
Armour fits poorly on your strangely shaped body.


Message History

You hit the peacekeeper.
The peacekeeper is severely damaged.
The peacekeeper closely misses you. You block the peacekeeper's attack.
The ragged hierophant closely misses you.
The peacekeeper misses you. You block the peacekeeper's attack.
You flicker for a moment.
There is a gate leading back out of this place here.
Casting: Confusing Touch (safe; 1% risk of failure)
Confirm with . or Enter, or press ? or * to list all spells.
Your hands begin to glow red.
The ragged hierophant seems less confused.
The peacekeeper barely misses you.
The peacekeeper claws you but does no damage.
The peacekeeper bites you!!
* * * LOW HITPOINT WARNING * * *
The peacekeeper barely misses you.
The ragged hierophant casts a spell at you.
A blast of power from the earth and the peacekeeper strikes you!
You die...
Your body crumbles into a pile of gold.

§§§§§§§................§§§§
.§§§§§§..................§.§§§
§§§§§§§.................§§§§§§
.§§p§§p#................§.§§§.
...§§.§.....................§.
#.8....p..............#...§§§.
.##...p.......p.∩..........§§.
...#.............8............
.####...........@p.p..........
#.....)................#..
#..............p.......#
#.........................
#.........#...........§§§§
.####.§§.§.................§§§
...#§§§§§§................§§§§
§##§§§§§§§..............§§§§§§
#§§§§§§§§§.§.......


You could see 2 ragged hierophants, a servant of whispers, an ironbrand convoker
(wandering) and a peacekeeper.

Vanquished Creatures
  Nikola (Shoals:1)
  Arachne (Spider:1)
  Jorgrun (D:14)
  A kraken (Shoals:4)
  A sphinx (D:13)
  Frances (Spider:2)
  Kirke (Lair:4)
  4 ghost moths (Spider:4)
  An orc warlord (Orc:2)
  7 emperor scorpions
  An ironheart preserver (D:14)
  5 entropy weavers
  A merfolk javelineer (Shoals:4)
  7 merfolk impalers
  A ragged hierophant (Desolation)
  Harold (D:7)
  8 hydras
  An alligator snapping turtle (Shoals:1)
  The ghost of pentaxis93 the Cleaver, a novice MiFi of Okawaru (D:10)
  4 centaur warriors
  5 two-headed ogres
  2 death knights (D:14)
  A queen ant (Lair:5)
  6 merfolk aquamancers
  3 death yaks (Lair:6)
  2 merfolk avatars (Shoals:4)
  3 satyrs
  2 tengu warriors
  5 orc high priests
  A vampire mage (D:15)
  Sonja (Lair:2)
  A fire crab (shapeshifter) (D:14)
  A skeletal warrior (D:15)
  11 sea snakes
  3 unseen horrors
  An ironbrand convoker (Vaults:1)
  17 harpies
  4 orc knights
  A tengu zombie (D:15)
  A wizard (D:15)
  A phantasmal warrior (D:14)
  2 oklob plants (Lair:6)
  2 necromancers
  13 ugly things
  21 orb spiders
  2 deep elf magi
  3 fauns
  8 cyclopes
  2 orc sorcerers
  30 wolf spiders
  8 elephants
  An ice statue (IceCv)
  3 black mambas
  4 merfolk sirens
  11 manticores
  Joseph (D:8)
  2 torpor snails
  12 spiny frogs
  4 water nymphs
  3 gargoyles
  2 rime drakes
  A kobold demonologist (D:14)
  2 yaktaurs
  11 freezing wraiths
  7 komodo dragons
  A guardian mummy (D:15)
  9 demonic crawlers
  A queen bee (D:13)
  6 tengu conjurers
  23 merfolk
  4 trolls
  3 meliai (D:13)
  A jumping spider (shapeshifter) (D:13)
  35 jumping spiders
  6 hornets
  16 polar bears
  6 wind drakes
  7 saltlings (Desolation)
  21 blink frogs
  13 hippogriffs
  3 wolf spider simulacra
  3 dream sheep (Shoals:1)
  An ice dragon zombie (D:15)
  11 slime creatures
  12 snapping turtles
  4 raiju (Lair:6)
  65 redbacks
  A spriggan (D:9)
  A fire dragon skeleton (D:15)
  A redback (shapeshifter) (D:13)
  55 yaks
  A shadow (D:11)
  31 tarantellas
  5 wyverns
  14 water elementals
  3 wraiths
  A vampire (D:10)
  4 hungry ghosts
  5 hogs
  5 basilisks
  2 steam dragons
  7 vampire mosquitoes
  Edmund (D:5)
  Menkaure (D:5)
  2 acid dragons
  8 wargs
  5 soldier ants (Lair:5)
  10 water moccasins
  A human zombie (D:15)
  13 hell hounds (Lair:6)
  4 porcupines
  12 black bears
  26 orc warriors
  3 sky beasts
  20 ice beasts
  An eye of draining (D:14)
  3 necrophages
  A phantom (D:7)
  25 centaurs
  15 ogres
  33 wolves
  19 crocodiles
  7 big kobolds
  A gnoll sergeant (D:7)
  16 bullfrogs
  A wyvern zombie (D:10)
  A wyvern skeleton (D:9)
  9 scorpions
  A water moccasin skeleton (D:5)
  35 killer bees
  An elephant simulacrum (IceCv)
  5 howler monkeys
  6 electric eels
  5 crimson imps
  4 centaur zombies
  A quasit (D:6)
  A bullfrog zombie (D:5)
  4 draconian simulacra (IceCv)
  6 jellies
  8 hounds
  19 orc wizards
  Crazy Yiuf (D:7)
  20 orc priests
  5 centaur skeletons
  3 iguanas
  A polar bear simulacrum (IceCv)
  16 worker ants
  2 spriggan simulacra (IceCv)
  4 troll simulacra (IceCv)
  A wolf simulacrum (IceCv)
  A bullfrog simulacrum (D:13)
  10 centaur simulacra
  3 worker ant zombies
  17 gnolls
  A howler monkey skeleton (D:11)
  4 naga simulacra (IceCv)
  An ogre simulacrum (IceCv)
  14 adders
  A river rat (D:6)
  15 white imps
  An ufetubus (D:13)
  An ooze (D:3)
  An adder zombie (D:6)
  2 adder skeletons (D:6)
  2 worms
  2 dart slugs (D:1)
  8 leopard geckos
  69 orcs
  10 giant cockroaches
  9 goblins
  7 hobgoblins
  8 jackals
  4 quokkas
  A ball python (D:1)
  A ball python zombie (D:5)
  4 bats (D:1)
  4 frilled lizards
  39 kobolds
  A quokka skeleton (D:4)
  9 rats
  2 plants
1302 creatures vanquished.

Vanquished Creatures (collateral kills)
  A harpy (Shoals:1)
  A faun (Shoals:1)
  2 merfolk (Shoals:1)
  4 orc warriors
  2 gnolls (D:6)
  2 orcs
  A frilled lizard (D:5)
13 creatures vanquished.

Vanquished Creatures (others)
  An unseen horror (D:13)
  A dream sheep (Shoals:1)
  3 dancing weapons
  An orc warrior (D:13)
  An electric eel (D:15)
  An orc wizard (D:4)
  2 orcs
  13 fungi
  29 plants
  16 tentacles
  6 toadstools (Lair:1)
  2 withered plants (D:15)
76 creatures vanquished.

Grand Total: 1391 creatures vanquished

Notes
Turn   | Place    | Note
-------+----------+-------------------------------------------
     0 | D:1      | MirrMurr the Spriggan Enchanter began the quest for the
                  | Orb.
     0 | D:1      | Reached XP level 1. HP: 9/9 MP: 5/5
   530 | D:1      | Reached XP level 2. HP: 13/13 MP: 3/6
   584 | D:1      | Reached skill level 5 in Stealth
   588 | D:1      | Learned a level 2 spell: Ensorcelled Hibernation
  1673 | D:1      | Reached XP level 3. HP: 16/16 MP: 8/8
  1678 | D:1      | Learned a level 3 spell: Confuse
  2100 | D:2      | Found a radiant altar of Vehumet.
  2104 | D:2      | Reached skill level 6 in Stealth
  2341 | D:2      | Reached XP level 4. HP: 21/21 MP: 6/9
  2382 | D:2      | Found a sacrificial altar of Ru.
  2566 | D:2      | Found a hazy altar of Hepliaklqana.
  2567 | D:2      | Found a shimmering altar of Xom.
  2567 | D:2      | Noticed an unseen horror
  2568 | D:2      | Noticed a spectral ugly thing
  2568 | D:2      | Noticed an unseen horror
  3180 | D:3      | Reached skill level 7 in Stealth
  3185 | D:3      | Reached XP level 5. HP: 13/24 MP: 4/10
  3323 | D:3      | Found a glowing golden altar of the Shining One.
  5051 | D:3      | Found an opulent altar of Gozag.
  5052 | D:3      | Found a glowing silver altar of Zin.
  5057 | D:3      | Became a worshipper of Gozag Ym Sagoz the Greedy
  5507 | D:4      | Reached skill level 8 in Stealth
  5643 | D:4      | Reached XP level 6. HP: 18/28 MP: 2/11
  5770 | D:4      | Reached skill level 5 in Short Blades
  5974 | D:4      | Found a burning altar of Makhleb.
  6045 | D:4      | Learned a level 3 spell: Tukima's Dance
  6990 | D:5      | Entered Level 5 of the Dungeon
  6993 | D:5      | Found a staircase to the Ecumenical Temple.
  7070 | D:5      | Found a runed translucent gate.
  7070 | D:5      | Found a runed translucent gate.
  7070 | D:5      | Found an opulent altar of Gozag.
  7070 | D:5      | Found a runed translucent gate.
  7070 | D:5      | Noticed xoxolimbo's ghost (novice DsFE)
  7102 | D:5      | Noticed Menkaure
  7104 | D:5      | Noticed Edmund
  7364 | D:5      | Reached skill level 5 in Hexes
  7559 | D:5      | Reached XP level 7. HP: 32/32 MP: 13/13
  7630 | D:5      | Reached skill level 1 in Slings
  7776 | D:5      | Found Uphept's Antique Armour Emporium.
  7779 | D:5      | Bought a cloak for 99 gold pieces
  8046 | D:5      | Killed Edmund
  8140 | D:5      | Found a staircase to the Ecumenical Temple.
  8238 | D:5      | Killed Menkaure
  8291 | D:5      | Found Uphept's Antique Armour Emporium.
  8298 | D:5      | Learned a level 3 spell: Dazzling Spray
  8562 | D:5      | Found a runed translucent gate.
  8562 | D:5      | Found a runed translucent gate.
  8562 | D:5      | Found an opulent altar of Gozag.
  8562 | D:5      | Found a runed translucent gate.
  8853 | D:6      | Reached XP level 8. HP: 27/36 MP: 15/15
  8886 | D:6      | Reached skill level 5 in Slings
  9392 | D:6      | Found a glowing drain.
  9403 | Sewer    | Entered a sewer
  9571 | Sewer    | Reached skill level 1 in Fighting
  9587 | Sewer    | Got a transparent dagger
  9588 | Sewer    | Identified the cursed +0 dagger of Duty {elec, rN+} (You
                  | found it in a sewer)
 10306 | D:7      | Noticed Harold
 10345 | D:7      | Killed Harold
 10345 | D:7      | Reached XP level 9. HP: 24/43 MP: 8/16
 11064 | D:7      | Reached skill level 10 in Slings
 11182 | D:7      | Found a runed translucent door.
 11183 | D:7      | Noticed Crazy Yiuf
 11486 | D:7      | Killed Crazy Yiuf
 11536 | D:8      | Found a sparkling altar of Nemelex Xobeh.
 11536 | D:8      | Found an ornate altar of the Wu Jian Council.
 11536 | D:8      | Found a shadowy altar of Dithmenos.
 11536 | D:8      | Found a blossoming altar of Fedhas.
 11757 | D:8      | Noticed Joseph
 11796 | D:8      | Killed Joseph
 12588 | D:8      | Reached XP level 10. HP: 45/48 MP: 12/17
 12915 | D:8      | Got an opalescent robe
 12926 | D:8      | Identified the cursed +0 robe "Juigrot" {*Slow rPois
                  | Stlth+} (You found it on level 8 of the Dungeon)
 13000 | D:9      | Found Daklel's Armour Shoppe.
 13028 | D:9      | Reached skill level 1 in Shields
 13065 | D:9      | Bought a +2 robe of resistance for 527 gold pieces
 13141 | D:9      | Found Yxipnut's Assorted Antiques.
 13149 | D:9      | Bought a glistering book for 420 gold pieces
 13653 | D:9      | Learned a level 6 spell: Invisibility
 13822 | D:9      | Reached skill level 9 in Stealth
 13826 | D:9      | Found an iron altar of Okawaru.
 13908 | D:9      | Found a stormy altar of Qazlal.
 13961 | D:9      | Found a hide-covered altar of Uskayaw.
 14408 | D:10     | Entered Level 10 of the Dungeon
 14408 | D:10     | Noticed an unseen horror
 14423 | D:10     | Killed an unseen horror
 14568 | D:10     | Found a staircase to the Lair.
 14671 | D:10     | Found a staircase to the Orcish Mines.
 14684 | D:10     | Identified the +2 great mace "Unui" {flame, *Drain +Rage
                  | rPois Int+4}
 14684 | D:10     | Noticed a two-headed ogre
 14687 | D:10     | Found a transporter.
 14688 | D:10     | Noticed pentaxis93's ghost (novice MiFi)
 14690 | D:10     | Found a transporter.
 14699 | D:10     | Noticed a two-headed ogre
 14744 | D:10     | Killed a two-headed ogre
 14918 | D:10     | Reached skill level 10 in Stealth
 15775 | D:10     | Reached XP level 11. HP: 51/51 MP: 15/18
 15842 | D:11     | Reached skill level 10 in Dodging
 15864 | D:11     | Reached skill level 5 in Shields
 15883 | D:11     | Noticed a cyan ugly thing
 15918 | D:11     | Killed a cyan ugly thing
 16558 | D:11     | Noticed a purple ugly thing
 16559 | D:11     | Noticed a two-headed ogre
 16560 | D:11     | Reached skill level 11 in Stealth
 16564 | D:11     | Killed a purple ugly thing
 16565 | D:11     | Killed a two-headed ogre
 16566 | D:11     | Noticed an unseen horror
 16602 | D:11     | Killed an unseen horror
 17460 | D:11     | Reached skill level 12 in Stealth
 18443 | D:12     | Noticed a two-headed ogre
 18447 | D:12     | Killed a two-headed ogre
 19453 | D:12     | Reached XP level 12. HP: 55/55 MP: 18/20
 19770 | D:13     | Noticed a four-headed hydra
 19772 | D:13     | Killed a four-headed hydra
 19772 | D:13     | Reached skill level 5 in Spellcasting
 19794 | D:13     | Noticed a centaur warrior
 19819 | D:13     | Found a frozen archway.
 19828 | IceCv    | Entered an ice cave
 20321 | IceCv    | Found an ancient bone altar of Kikubaaqudgha.
 20681 | IceCv    | Reached skill level 13 in Stealth
 21128 | D:13     | Killed a centaur warrior
 21579 | D:13     | Noticed a centaur warrior
 21654 | D:13     | Killed a centaur warrior
 21654 | D:13     | Reached skill level 5 in Fighting
 22295 | D:13     | Reached XP level 13. HP: 60/63 MP: 11/23
 22470 | D:13     | Reached skill level 10 in Hexes
 22601 | D:13     | Reached skill level 14 in Stealth
 22861 | Lair:1   | Entered Level 1 of the Lair of Beasts
 23069 | Lair:1   | Reached skill level 10 in Short Blades
 23293 | Lair:1   | Noticed a dire elephant
 23313 | Lair:1   | Found a runed translucent door.
 24388 | Lair:2   | Noticed Sonja
 24412 | Lair:2   | Killed Sonja
 25278 | Lair:2   | Reached skill level 15 in Stealth
 26169 | Lair:3   | Found a hole to the Spider Nest.
 27494 | Lair:3   | Reached XP level 14. HP: 70/70 MP: 24/24
 27699 | Lair:4   | Reached skill level 15 in Dodging
 28400 | Lair:4   | Found a staircase to the Shoals.
 29200 | Lair:5   | Noticed Kirke
 29443 | Lair:5   | Found a staircase to the Slime Pits.
 29855 | Lair:4   | Killed Kirke
 30004 | Lair:5   | Noticed an entropy weaver
 30005 | Lair:5   | Noticed an entropy weaver
 30053 | Lair:5   | Reached skill level 16 in Stealth
 30058 | Lair:5   | Killed an entropy weaver
 30112 | Lair:5   | Killed an entropy weaver
 31047 | Lair:6   | Entered Level 6 of the Lair of Beasts
 32361 | Lair:6   | Reached skill level 10 in Spellcasting
 33723 | Lair:6   | Reached XP level 15. HP: 42/77 MP: 16/30
 34312 | Lair:6   | Reached skill level 17 in Stealth
 35196 | D:13     | Found Zin Kamy's Gadget Boutique.
 35200 | D:13     | Found Kishruf's Gadget Boutique.
 35201 | D:13     | Found Orest's Armour Boutique.
 35201 | D:13     | Found Cawuig's Food Boutique.
 35585 | D:13     | Noticed a sphinx
 35940 | D:13     | Killed a sphinx
 36325 | D:14     | Found a gate to the Vaults.
 37381 | D:14     | Identified a scroll of acquirement
 37925 | D:14     | Noticed Jorgrun
 37928 | D:14     | Killed Jorgrun
 37982 | D:15     | Entered Level 15 of the Dungeon
 38021 | D:15     | Found a staircase to the Depths.
 38370 | D:15     | Reached skill level 18 in Stealth
 39277 | D:15     | Found a bloodstained altar of Trog.
 39861 | D:10     | Killed pentaxis93's ghost
 39861 | D:10     | Reached XP level 16. HP: 84/84 MP: 31/34
 39905 | Orc:1    | Entered Level 1 of the Orcish Mines
 40995 | Orc:2    | Entered Level 2 of the Orcish Mines
 40999 | Orc:2    | Found a staircase to the Elven Halls.
 41343 | Orc:2    | Found Pogeghak's Antique Armour Emporium.
 41805 | Orc:2    | Found Acrieror's Gadget Boutique.
 41833 | Orc:2    | Found Gitisch's General Store.
 41841 | Orc:2    | Bought a scroll of blinking for 82 gold pieces
 41841 | Orc:2    | Bought 2 potions of brilliance for 88 gold pieces
 42135 | Orc:2    | Found Soamul's Book Shop.
 42144 | Orc:2    | Bought a book of Misfortune for 240 gold pieces
 42144 | Orc:2    | Bought a book of Callings for 360 gold pieces
 42146 | Orc:2    | Learned a level 1 spell: Confusing Touch
 42151 | Orc:2    | Learned a level 4 spell: Summon Ice Beast
 42156 | Orc:2    | Learned a level 4 spell: Summon Lightning Spire
 42206 | Orc:2    | Learned a level 2 spell: Passwall
 42310 | Orc:2    | Bought pearl dragon scales for 2800 gold pieces
 42451 | Orc:2    | Found Genuo's Antique Weapon Shoppe.
 42459 | Orc:2    | Bought a steaming dagger for 175 gold pieces
 42459 | Orc:2    | Identified the +5 dagger of the Sea {pierce, +Rage rElec
                  | rN+++ Stlth+} (You bought it in a shop on level 2 of the
                  | Orcish Mines)
 42720 | Orc:2    | Reached skill level 1 in Summonings
 43025 | Spider:1 | Entered Level 1 of the Spider Nest
 43776 | Spider:1 | You fall through a shaft!
 43880 | Spider:1 | Learned a level 5 spell: Metabolic Englaciation
 43954 | Spider:1 | Found a runed translucent door.
 43955 | Spider:1 | Found a shimmering altar of Xom.
 43955 | Spider:1 | Noticed busta's ghost (adept DsGl)
 44335 | Spider:2 | Noticed Frances
 44539 | Spider:2 | Reached skill level 19 in Stealth
 44648 | Spider:2 | Noticed Arachne
 44678 | Spider:2 | Upgraded the game from 0.24-a0-217-g1152973720 to
                  | 0.24-a0-222-g1ac5efaa63
 44705 | Spider:2 | Reached skill level 10 in Fighting
 45208 | Spider:2 | Killed Frances
 45649 | Spider:1 | Killed Arachne
 46176 | Spider:2 | Reached skill level 5 in Summonings
 47125 | Spider:3 | Reached XP level 17. HP: 69/89 MP: 35/35
 47345 | D:9      | Bought 3 scrolls of identify for 168 gold pieces
 47345 | D:9      | Bought a scroll of summoning for 266 gold pieces
 47345 | D:9      | Bought a wand of digging (8) for 224 gold pieces
 47732 | Spider:3 | Got a brightly glowing turquoise ring
 47738 | Spider:3 | Identified the ring "Ruiteaff" {+Blink rF+ Dex+5} (You
                  | found it on level 3 of the Spider Nest)
 48180 | Spider:4 | Entered Level 4 of the Spider Nest
 49612 | Spider:4 | Reached skill level 20 in Stealth
 50050 | Spider:4 | Got a gossamer rune of Zot
 50147 | Spider:4 | Gained mutation: Armour fits poorly on your strangely
                  | shaped body. [mutagenic glow]
 50572 | Lair:4   | Learned a level 5 spell: Summon Mana Viper
 50800 | Shoals:1 | Entered Level 1 of the Shoals
 52234 | Shoals:1 | Noticed Nikola
 52464 | Shoals:1 | Reached skill level 1 in Ice Magic
 52640 | Shoals:1 | Killed Nikola
 53082 | Shoals:2 | Noticed a kraken
 53088 | Shoals:2 | Reached XP level 18. HP: 96/96 MP: 37/37
 53450 | Shoals:2 | Found a gateway to a bazaar.
 53478 | Bazaar   | Entered a bazaar
 53478 | Bazaar   | Found Jezusk's Book Boutique.
 53478 | Bazaar   | Found Katzam's Distillery.
 53478 | Bazaar   | Found Gadghil's Assorted Antiques.
 53478 | Bazaar   | Found Jedischa's Assorted Antiques.
 53504 | Bazaar   | Bought a potion of brilliance for 32 gold pieces
 53504 | Bazaar   | Bought a potion of magic for 64 gold pieces
 53504 | Bazaar   | Bought a potion of mutation for 64 gold pieces
 53504 | Bazaar   | Bought a potion of haste for 80 gold pieces
 53504 | Bazaar   | Bought a potion of heal wounds for 40 gold pieces
 53504 | Bazaar   | Bought a potion of haste for 80 gold pieces
 53504 | Bazaar   | Bought a potion of brilliance for 32 gold pieces
 53504 | Bazaar   | Bought a potion of magic for 64 gold pieces
 53504 | Bazaar   | Bought a potion of haste for 80 gold pieces
 53504 | Bazaar   | Bought a potion of magic for 64 gold pieces
 53504 | Bazaar   | Bought 2 potions of might for 64 gold pieces
 53504 | Bazaar   | Bought a potion of heal wounds for 40 gold pieces
 53507 | Bazaar   | Bought a book of Minor Magic for 160 gold pieces
 53510 | Bazaar   | Learned a level 2 spell: Blink
 53512 | Bazaar   | Bought a potion of curing for 48 gold pieces
 53512 | Bazaar   | Bought a phantom mirror for 480 gold pieces
 53512 | Bazaar   | Bought a scroll of enchant weapon for 120 gold pieces
 53512 | Bazaar   | Bought a scroll of identify for 32 gold pieces
 53514 | Bazaar   | Bought a scroll of identify for 50 gold pieces
 53514 | Bazaar   | Bought a scroll of identify for 50 gold pieces
 53514 | Bazaar   | Bought a potion of curing for 75 gold pieces
 55217 | Shoals:4 | Entered Level 4 of the Shoals
 55859 | Shoals:4 | Found Icoudy's Gadget Shop.
 56807 | Shoals:4 | Reached skill level 15 in Spellcasting
 57327 | Shoals:4 | Reached skill level 1 in Translocations
 58150 | Shoals:4 | Upgraded the game from 0.24-a0-222-g1ac5efaa63 to
                  | 0.24-a0-228-g05560da471
 58352 | Shoals:4 | Got a barnacled rune of Zot
 58898 | Vaults:1 | Entered Level 1 of the Vaults
 58933 | Vaults:1 | Found Defit's Magic Scroll Shoppe.
 59082 | Vaults:1 | Found a ruined gateway.
 59093 | Vaults:1 | Upgraded the game from 0.24-a0-228-g05560da471 to
                  | 0.24-a0-230-g536ed4e33c
 59103 | Desolati | Entered the Desolation of Salt
 59288 | Desolati | Reached skill level 21 in Stealth
 59412 | Desolati | HP: 2/96 [peacekeeper (24)]
 59412 | Desolati | Killed from afar by a ragged hierophant

Levels and vault maps discovered:
D:1:      wheals_arrival_linesprint, layout_rooms, minmay_tetromino_o4
D:2:      layout_rooms, regret_index_temple_of_mockery, lemuel_round_altar,
          first_ration, nicolae_ru_path_of_blood
D:3:      layout_basic, grunt_temple_overflow_gold_and_silver,
          lemuel_round_altar, minivault_23
D:4:      layout_basic, overflow_temple_1_default
D:5:      layout_loops_cross, minmay_temple_entry_water_ring,
          ebering_ghost_gozag, serial_shops, nicolae_shop_window_shopping,
          minmay_manual_moon, uniq_edmund, uniq_menkaure
D:6:      minmay_spotlight, layout_cave_pods, gup_sewer_entry_bubbles
D:7:      layout_rooms, uniq_harold, uniq_crazy_yiuf_cottage
D:8:      layout_basic, chequers_temple_overflow_statue_of_worship, uniq_joseph
D:9:      layout_gridville, overflow_temple_1_default, marbit_many_paths,
          serial_shops, shop, shop, the_bakery, nicolae_qazlal_eye_of_the_storm
D:10:     layout_irregular_city, david_lair_shrubbed, orc_0_dummy,
          gammafunk_ghost_smash, minivault_24
D:11:     layout_basic, onia_ninara_cookie
D:12:     statuecave_lemuel, layout_basic, nicolae_twisting_strands
D:13:     regret_index_wax_grids, layout_small_grid, serial_ice, serial_ice_k,
          serial_ice_m, serial_ice_o, serial_ice_e,
          portal_ice_cave_entry_ice_beasts, gauntlet_entry_generic,
          minmay_shop_grid_forest
D:14:     layout_basic, skrybe_vaults_entry_preservation,
          minmay_misc_feat_four_crosses, chequers_jeans, uniq_jorgrun
D:15:     gammafunk_depths_entry_grave, layout_gridville, serial_ice,
          serial_ice_i, serial_ice_d, serial_ice_b, serial_ice_c,
          trog_ov_bears_minmay
Lair:1:   gammafunk_lair_enchanted_lake, layout_regular_city,
          lemuel_fruit_fields
Lair:2:   layout_hall_layers, grunt_megastairs_2, uniq_sonja
Lair:3:   layout_cave_pods, spider_nest_entry_webs, grunt_megastairs_4,
          serial_bayou_shore_a, lemuel_fruit_fields, infiniplex_staircase_pool
Lair:4:   layout_cave_pods, minmay_shoals_entry_hut, grunt_megastairs_3
Lair:5:   layout_regular_city, minmay_slime_entry_pillars, wad_woods_antlair,
          lemuel_fruit_tree, uniq_kirke
Lair:6:   hangedman_lair_caniforms_friends, layout_misc_corridors, minivault_24,
          minmay_lair_oklob_chamber, grunt_megastairs_1, serial_bayou_shore_b
Shoals:1: layout_shoals, uniq_nikola
Shoals:2: layout_shoals, serial_shops, bzr_entry_gold,
          nicolae_shoals_isolated_beach
Shoals:3: layout_shoals
Shoals:4: shoals_end_hangedman, layout_shoals, serial_shops, shop, yaktaur_hedge
Spider:1: layout_spider_delve, ebering_ghost_xom, hive_lemuel
Spider:2: layout_spider_delve, uniq_frances, uniq_arachne
Spider:3: layout_spider_delve
Spider:4: spider_rune_water
Orc:1:    layout_caves
Orc:2:    grunt_orc_gardens, layout_caves, grunt_orc_garden, grunt_orc_garden,
          grunt_orc_garden, grunt_orc_garden, serial_shops, shop,
          nicolae_orc_stony_grotto, library_closet
Vaults:1: ontoclasm_vaults_ligature, hangedman_vaults_pinch,
          ontoclasm_vaults_pinch, nicolae_vaults_diagonal_hallway_6,
          ontoclasm_vaults_ring_large, vaults_mumra_chevron, v_alt_pattern_1,
          ontoclasm_vaults_shuriken, v_misc_13, v_rooms_1,
          vaults_room_hangedman_quadrants, nicolae_vaults_asterisk,
          nicolae_vaults_little_squares_2, grunt_vaults_bifocal,
          nicolae_vaults_yaktaur_gun_rack, nicolae_vaults_little_squares_6,
          layout_vaults_maze_snakey, serial_shops, nicolae_shop_behind_doors,
          portal_desolation_entry_nicolae_slug
Bazaar:   bazaar_minmay_trees
Sewer:    sewer_the_crocodile
IceCv:    ice_cave_small_necro
Desolation

Skill      XL: |  1  2  3  4  5  6  7  8  9 10 11 12 13 14 15 16 17 18 |
---------------+-------------------------------------------------------+-----
Stealth        | 5 6 7 8 10 12 13 15 16 18 19 20 21 | 21.0
Short Blades   | 2 3 4 5 6 8 9 10 | 10.0
Hexes          | 5 7 8 9 12 | 12.1
Spellcasting   | 3 4 6 10 13 14 15 | 15.0
Slings         | 4 9 14 | 14.0
Fighting       | 3 5 6 8 9 10 11 | 11.4
Dodging        | 6 8 9 12 13 14 16 17 18 19 20 | 20.0
Shields        | 4 7 |  7.2
Summonings     | 5 8 |  8.0
Ice Magic      | 1 4 |  4.6
Translocations | 4 |  4.1

Action                   |  1- 3 |  4- 6 |  7- 9 | 10-12 | 13-15 | 16-18 || total
-------------------------+-------+-------+-------+-------+-------+-------++-------
Melee: Dagger            |   146 |   179 |   305 |   924 |  1366 |  1471 ||  4391
 Fire: Hunting sling     |       |       |    86 |     5 |    82 |       ||   173
       Fustibalus        |       |       |       |       |       |    59 ||    59
 Cast: Corona            |     9 |       |       |       |       |       ||     9
       Ensorcelled Hiber |    14 |    75 |     8 |    84 |   468 |   306 ||   955
       Confuse           |     2 |     5 |    33 |    97 |   152 |    90 ||   379
       Tukima's Dance    |       |     3 |     4 |     2 |     5 |    22 ||    36
       Dazzling Spray    |       |       |       |     3 |     3 |     8 ||    14
       Invisibility      |       |       |       |     3 |     7 |    13 ||    23
       Confusing Touch   |       |       |       |       |       |    56 ||    56
       Summon Ice Beast  |       |       |       |       |       |     4 ||     4
  Use: Potion            |     4 |       |       |     5 |     3 |     3 ||    15
       Scroll            |       |     9 |     9 |     6 |    10 |    18 ||    52
 Stab: Sleeping          |    16 |    33 |    21 |    88 |   249 |   237 ||   644
       Confused          |       |     1 |    14 |    48 |    87 |   101 ||   251
       Distracted        |       |       |       |     8 |    11 |    13 ||    32
       Invisible         |       |       |       |    25 |    15 |    62 ||   102
  Eat: Ration            |       |     6 |     4 |    11 |    11 |    13 ||    45
Armor: Robe              |    14 |     6 |    42 |    33 |    48 |    47 ||   190
       Skin              |     1 |       |       |       |       |       ||     1
Dodge: Dodged            |   120 |   107 |   213 |   543 |   987 |  1144 ||  3114
Block: Buckler           |       |       |       |   170 |   386 |   522 ||  1078

Table legend:
 A = Non-vault XP
 B = Vault XP
 C = Vault XP percentage of total XP
 D = Non-vault monster count
 E = Vault monster count
 F = Vault count percentage of total count
                 A         B        C        D         E       F
            +---------+---------+-------+---------+---------+-------
      Total |  202464 |  135735 |  40.1 |     900 |     419 |  31.8
            +---------+---------+-------+---------+---------+-------
        D:1 |      45 |       7 |  13.5 |      27 |       4 |  12.9
        D:2 |     141 |       0 |   0.0 |      20 |       0 |   0.0
        D:3 |     169 |       0 |   0.0 |      21 |       0 |   0.0
        D:4 |     275 |       0 |   0.0 |      18 |       0 |   0.0
        D:5 |     147 |     397 |  73.0 |       7 |       4 |  36.4
        D:6 |     816 |      67 |   7.6 |      26 |      11 |  29.7
        D:7 |     651 |    1080 |  62.4 |      15 |       2 |  11.8
        D:8 |    1359 |     475 |  25.9 |      30 |       1 |   3.2
        D:9 |    1647 |     358 |  17.9 |      37 |       2 |   5.1
       D:10 |    2219 |    3335 |  60.0 |      23 |       6 |  20.7
       D:11 |    3524 |    4550 |  56.4 |      37 |      18 |  32.7
       D:12 |    3392 |      61 |   1.8 |      27 |       1 |   3.6
       D:13 |    6791 |   12678 |  65.1 |      34 |      67 |  66.3
       D:14 |   12497 |    7847 |  38.6 |      37 |      10 |  21.3
       D:15 |    9018 |    5731 |  38.9 |      22 |      19 |  46.3
     Lair:1 |    7287 |    1735 |  19.2 |      32 |       6 |  15.8
     Lair:2 |    4054 |    2853 |  41.3 |      20 |      10 |  33.3
     Lair:3 |    6235 |    1372 |  18.0 |      24 |       6 |  20.0
     Lair:4 |    6493 |    3864 |  37.3 |      23 |       6 |  20.7
     Lair:5 |    4883 |    6348 |  56.5 |      23 |      23 |  50.0
     Lair:6 |   12681 |   12803 |  50.2 |      40 |      61 |  60.4
   Shoals:1 |   20018 |    3264 |  14.0 |      40 |       1 |   2.4
   Shoals:2 |   10933 |    2010 |  15.5 |      27 |       4 |  12.9
   Shoals:3 |    4258 |       0 |   0.0 |      10 |       0 |   0.0
   Shoals:4 |   11859 |   16590 |  58.3 |      26 |      26 |  50.0
   Spider:1 |   14501 |    3565 |  19.7 |      49 |       1 |   2.0
   Spider:2 |   22405 |    2107 |   8.6 |      59 |       1 |   1.7
   Spider:3 |    8976 |       0 |   0.0 |      26 |       0 |   0.0
   Spider:4 |   18461 |   23356 |  55.9 |      42 |      36 |  46.2
      Orc:1 |    3079 |    1856 |  37.6 |      37 |       6 |  14.0
      Orc:2 |    2227 |    7902 |  78.0 |      37 |      19 |  33.9
   Vaults:1 |    1423 |       0 |   0.0 |       4 |       0 |   0.0
      Sewer |       0 |     113 | 100.0 |       0 |       6 | 100.0
      IceCv |       0 |    6472 | 100.0 |       0 |      54 | 100.0
 Desolation |       0 |    2939 | 100.0 |       0 |       8 | 100.0
            +---------+---------+-------+---------+---------+-------
